 Dungeon Crawl Stone Soup version 0.31.0-11-ge490571c62 (webtiles) character file.

Game seed: 17281189538039087722

71 Ashen the Apothecary (level 4, 0/38 HPs)
             Began as a Naga Alchemist on Jan 28, 2024.
             Slain by a hobgoblin (3 damage)
             ... on level 3 of the Dungeon.
             The game lasted 00:03:26 (1990 turns).

Ashen the Apothecary (Naga Alchemist)               Turns: 1990, Time: 00:03:27

Health: 0/38       AC:  3    Str: 11    XL:     4   Next: 24%
Magic:  7/7        EV: 10    Int: 17    God:
Gold:   128        SH:  0    Dex: 11    Spells: 6/7 levels left

rFire   . . .        p - +0 long sword
rCold   . . .        (no shield)
rNeg    . . .        a - +0 robe
rPois   +            (no helmet)
rElec   .            k - +0 cloak
rCorr   .            (no gloves)
SInv    +            (no barding)
Will    .....        (no amulet)
Stlth   ++           (no ring)
HPRegen 0.26/turn    (no ring)
MPRegen 0.10/turn

%: no passive effects
@: very slow
A: AC +1, large, see invisible, deformed body, poison resistance, slowness 2,
spit poison 1, naga tail 1
a: Spit Poison


You were on level 3 of the Dungeon.
You visited 1 branch of the dungeon, and saw 3 of its levels.

You collected 128 gold pieces.

Inventory:

Hand Weapons
 p - a +0 long sword (weapon)
Armour
 a - a +0 robe (worn)
 k - a +0 cloak (worn)
Jewellery
 t - an amulet of guardian spirit
 u - a ring of wizardry
Wands
 i - a wand of flame (28)
 j - a wand of charming (7)
Scrolls
 c - 2 scrolls of enchant weapon {unknown}
 e - 2 scrolls of teleportation {unknown}
 m - a scroll of vulnerability {unknown}
 n - a scroll of amnesia {unknown}
 r - 2 scrolls of identify {unknown}
 s - a scroll of fog {unknown}
Potions
 b - 4 potions of magic
 d - a potion of mutation {unknown}
 f - 3 potions of curing {unknown}
 g - a potion of haste {unknown}
 h - a potion of lignification {unknown}
 l - a potion of cancellation {unknown}
 o - a potion of enlightenment {unknown}
 q - a potion of brilliance {unknown}


   Skills:
 + Level 1.4 Fighting
 + Level 2.0 Dodging
 + Level 3.9 Stealth
 + Level 2.3 Spellcasting
 + Level 1.6 Conjurations
 + Level 4.1 Alchemy


You had 6 spell levels left.
You knew the following spells:

 Your Spells              Type           Power      Damage    Failure   Level
a - Sting                 Conj/Alch      44%        1d5       6%          1

Your spell library contained the following spells:

 Spells                   Type           Power      Damage    Failure   Level
 Mercury Vapours          Alch/Air       18%        N/A       12%         2
 Mephitic Cloud           Conj/Alch/Air  8%         N/A       26%         3
 Olgreb's Toxic Radiance  Alch           16%        N/A       34%         4
 Sticky Flame             Fire/Alch      9%         2d5       63%         4
 Animate Dead             Necr           2%         N/A       88%         4
 Haunt                    Necr/Summ      1%         N/A       100%        7
 Infestation              Necr           1%         N/A       100%        8


Dungeon Overview and Level Annotations

Branches:
Dungeon (3/15)

Altars:


Innate Abilities, Weirdness & Mutations

Your serpentine skin is tough. (AC +1)
You have supernaturally acute eyesight. (SInv)
Armour fits poorly on your strangely shaped body.
Your system is resistant to poisons. (rPois)
You cover ground very slowly.
You can spit poison.
You have a snake-like lower body.


Message History

There is an open door here.
A phantom and a hobgoblin come into view.
The hobgoblin shouts!
The hobgoblin hits you but does no damage.
You closely miss the hobgoblin. The hobgoblin barely misses you.
You closely miss the hobgoblin. The hobgoblin barely misses you.
You closely miss the hobgoblin. The phantom hits you.
The phantom blinks!
You blink.
The phantom closely misses you. The phantom attacks as it pursues you!
The phantom barely misses you.
You hit the hobgoblin.
The hobgoblin is lightly wounded.
The hobgoblin hits you but does no damage.
The phantom closely misses you. The hobgoblin hits you.
The phantom hits you but does no damage.
You hit the hobgoblin but do no damage.
The hobgoblin is lightly wounded.
The hobgoblin barely misses you. The phantom hits you.
The phantom blinks!
You blink.
The phantom hits you. The phantom completely misses you.
You hit the phantom but do no damage. The phantom hits you.
You hit the phantom but do no damage. The phantom hits you. x2
The phantom blinks!
You blink.
You miss the phantom. The phantom hits you.
You hit the phantom but do no damage. The phantom hits you.
* * * LOW HITPOINT WARNING * * *
The phantom blinks!
You blink.
The phantom attacks as it pursues you! The phantom closely misses you.
The phantom hits you.
* * * LOW HITPOINT WARNING * * *
You hit the hobgoblin.
The hobgoblin is moderately wounded.
The hobgoblin hits you.
* * * LOW HITPOINT WARNING * * *
The phantom hits you.
* * * LOW HITPOINT WARNING * * *
You closely miss the hobgoblin.
The hobgoblin is moderately wounded.
The hobgoblin hits you.
You die...

#.# #.# #.# ## ##
#.# . .#########.# #
# .#.........#.#
.#.. ... #.#.###....
#.# #.W@....... #.#
#..g..###.# #.#
#.....###.# #<#
#.........#
#.##########.#.#####
#.......# #.#.....
#.#####.# ##'####.#
#....# ##...###.#
#.##.##.##.....##.#


You could see a phantom and a hobgoblin.

Vanquished Creatures
  3 adders (D:2)
  2 dart slugs
  4 ball pythons
  2 endoplasms
  4 giant cockroaches
  A goblin (D:3)
  6 hobgoblins
  2 jackals (D:2)
  5 kobolds
  A quokka (D:1)
  3 bats
  3 frilled lizards
  3 rats
39 creatures vanquished.

Notes
Turn   | Place    | Note
-------+----------+-------------------------------------------
     0 | D:1      | Ashen the Naga Alchemist began the quest for the Orb.
     0 | D:1      | Reached XP level 1. HP: 15/15 MP: 3/3
   177 | D:1      | Reached XP level 2. HP: 6/24 MP: 0/5
   873 | D:2      | Reached XP level 3. HP: 24/30 MP: 0/6
   936 | D:2      | Reached skill level 1 in Fighting
   987 | D:2      | Reached skill level 4 in Alchemy
  1363 | D:2      | Identified the +8 chain mail "Zoimis" {*Corrode rN+ Str+3
                  | Stlth+}
  1514 | D:2      | Reached XP level 4. HP: 35/38 MP: 7/7
  1974 | D:3      | Noticed a phantom
  1990 | D:3      | Slain by a hobgoblin

Illustrated notes

Levels and vault maps discovered:
D:1:      lemuel_arrival_lava_pool, layout_rooms
D:2:      layout_loops_cross, serial_glass, glass_columns_a, glass_columns_a
D:3:      layout_loops_corners, nicolae_overflow_crystal_walls,
          trog_three_pillars_becter, minmay_fractal_squares_diagonal_5

Skill      XL: |  1  2  3 |
---------------+----------+-----
Fighting       | 1 |  1.4
Alchemy        | 4 |  4.1
Dodging        | 2 |  2.0
Stealth        | |  3.9
Spellcasting   | |  2.3
Conjurations   | |  1.6

Action                     |  1- 3 |  4- 6 || total
---------------------------+-------+-------++-------
  Melee: Unarmed           |    57 |       ||    57
         Long sword        |     3 |    48 ||    51
         Punch             |     1 |     1 ||     2
   Cast: Sting             |    41 |       ||    41
Ability: Spit Poison       |     1 |       ||     1
   Stab: Sleeping          |     2 |     3 ||     5
 Armour: Robe              |    47 |    67 ||   114
  Dodge: Dodged            |    32 |    51 ||    83
